TOP OF THE 1ST |
Las Vegas (Rk+) Hustle batting - Pitching for Cleveland (Rk+) Guardians : RHP Jason Wieland
|
Pitching: RHP Jason Wieland
|
|
Batting: RHB John Neal
|
0-0: Foul Ball, location: 5F 0-1: Fly out, F7 (Flyball, 78M, EV 93.1 MPH)
|
Batting: RHB Darius Strange
|
0-0: Ball 1-0: Ball 2-0: Called Strike 2-1: Fly out, F7 (Flyball, 78S, EV 76.9 MPH)
|
Batting: RHB Tom Preston
|
0-0: Called Strike 0-1: Swinging Strike 0-2: Ball 1-2: Strikes out swinging
|
Top of the 1st over - 0 runs, 0 hits, 0 errors, 0 left on base; Las Vegas (Rk+) 0 - Cleveland (Rk+) 0 |
BOTTOM OF THE 1ST |
Cleveland (Rk+) Guardians batting - Pitching for Las Vegas (Rk+) Hustle : RHP Jon Alvarez
|
Pitching: RHP Jon Alvarez
|
|
Batting: RHB Joe Sauer
|
0-0: Ball 1-0: Ball 2-0: Called Strike 2-1: Fly out, F6 (Popup, 56, EV 50.6 MPH)
|
Batting: SHB Dan Simonds
|
0-0: Ball 1-0: Foul Ball, location: 3DF 1-1: Called Strike 1-2: Ball 2-2: Foul Ball, location: 3DF 2-2: Foul Ball, location: 2F 2-2: Ball 3-2: Base on Balls
|
Batting: RHB Mark DeHaven
|
0-0: Called Strike Dan Simonds steals 2nd base 0-1: Ball 1-1: SINGLE (Groundball, 34D, EV 98.1 MPH) Dan Simonds to third
|
Batting: RHB Luke Untied
|
0-0: Called Strike 0-1: Fly out, F7 (Flyball, 7, EV 85.6 MPH) Runner from 3rd tags up, SCORES, no throw by LF
|
Batting: RHB Justin Peterson
|
0-0: Fly out, F6 (Popup, 56D, EV 47.5 MPH)
|
Bottom of the 1st over - 1 run, 1 hit, 0 errors, 1 left on base; Las Vegas (Rk+) 0 - Cleveland (Rk+) 1 |
TOP OF THE 2ND |
Las Vegas (Rk+) Hustle batting - Pitching for Cleveland (Rk+) Guardians : RHP Jason Wieland
|
Batting: LHB William Lopez
|
0-0: Called Strike 0-1: Ball 1-1: Ball 2-1: TRIPLE (Flyball, 78XD, EV 101.3 MPH)
|
Batting: LHB Oscar Ramirez
|
0-0: Called Strike 0-1: Ball 1-1: Ball 2-1: Foul Ball, location: 25FF 2-2: Foul Ball, location: 7LDF 2-2: Strikes out swinging
|
Batting: RHB Orlando Abarca
|
0-0: Foul Ball, location: 3F 0-1: Swinging Strike 0-2: Ball 1-2: Strikes out swinging
|
Batting: SHB Alberto Vera
|
0-0: Ground out 4-3 (Groundball, 4, EV 104.4 MPH)
|
Top of the 2nd over - 0 runs, 1 hit, 0 errors, 1 left on base; Las Vegas (Rk+) 0 - Cleveland (Rk+) 1 |
BOTTOM OF THE 2ND |
Cleveland (Rk+) Guardians batting - Pitching for Las Vegas (Rk+) Hustle : RHP Jon Alvarez
|
Batting: LHB Dan Lantz
|
0-0: Swinging Strike 0-1: Fly out, F6 (Popup, 6, EV 72.5 MPH)
|
Batting: RHB Alex Velasquez
|
0-0: Ball 1-0: Called Strike 1-1: DOUBLE (Line Drive, 9LM, EV 93.8 MPH)
|
Batting: RHB Tim Craig
|
0-0: Called Strike 0-1: Ball 1-1: Foul Ball, location: 9LMF 1-2: Ball 2-2: Ball 3-2: Base on Balls
|
Batting: RHB Adam Eberwein
|
0-0: Ball 1-0: Called Strike 1-1: Called Strike 1-2: Foul Ball, location: 2F 1-2: Ball 2-2: Foul Ball, location: 9LSF 2-2: Ball 3-2: SINGLE (Groundball, 4MD, EV 103.8 MPH) Alex Velasquez to third Tim Craig to second
|
Batting: RHB Joe Sauer
|
0-0: Ball 1-0: Fielders Choice at 2nd, 4-6 (Groundball, 34, EV 102.5 MPH) Alex Velasquez scores Tim Craig to third
|
Batting: SHB Dan Simonds
|
0-0: Ball 1-0: Foul Ball, location: 2F 1-1: Swinging Strike 1-2: Ball 2-2: Ball 3-2: Foul Ball, location: 5F 3-2: Base on Balls Joe Sauer to second
|
Batting: RHB Mark DeHaven
|
0-0: Ball 1-0: Ball 2-0: Called Strike 2-1: Ball 3-1: DOUBLE (Groundball, 5L, EV 108.1 MPH) Tim Craig scores Joe Sauer scores Dan Simonds to third
|
Batting: RHB Luke Untied
|
0-0: Ball 1-0: Ball 2-0: Ball 3-0: Base on Balls
|
Batting: RHB Justin Peterson
|
0-0: SINGLE (Line Drive, 78S, EV 107.5 MPH) Dan Simonds scores Mark DeHaven to third Luke Untied to second
|
Pitching: RHP Fernando Vega
|
|
Batting: LHB Dan Lantz
|
0-0: Ball 1-0: Called Strike 1-1: Fly out, F9 (Flyball, 9D, EV 101.3 MPH)
|
Bottom of the 2nd over - 4 runs, 4 hits, 0 errors, 3 left on base; Las Vegas (Rk+) 0 - Cleveland (Rk+) 5 |
TOP OF THE 3RD |
Las Vegas (Rk+) Hustle batting - Pitching for Cleveland (Rk+) Guardians : RHP Jason Wieland
|
Batting: SHB Jose Cardenas
|
0-0: Swinging Strike 0-1: Ball 1-1: Foul Ball, location: 2F 1-2: Ball 2-2: Ground out U3 (Groundball, 3, EV 89.4 MPH)
|
Batting: SHB Ozzie Llamas
|
0-0: Ball 1-0: Ball 2-0: Foul Ball, location: 7LDF 2-1: Called Strike 2-2: Strikes out looking
|
Batting: RHB John Neal
|
0-0: Ball 1-0: Called Strike 1-1: Ball 2-1: Ball 3-1: Base on Balls
|
Batting: RHB Darius Strange
|
0-0: Ball 1-0: Fielders Choice at 2nd, 6-4 (Groundball, 6, EV 103.8 MPH)
|
Top of the 3rd over - 0 runs, 0 hits, 0 errors, 1 left on base; Las Vegas (Rk+) 0 - Cleveland (Rk+) 5 |
BOTTOM OF THE 3RD |
Cleveland (Rk+) Guardians batting - Pitching for Las Vegas (Rk+) Hustle : RHP Fernando Vega
|
Batting: RHB Alex Velasquez
|
0-0: Called Strike 0-1: Ball 1-1: SINGLE (Groundball, 56D, EV 98.1 MPH)
|
Batting: RHB Tim Craig
|
0-0: Fly out, F8 (Flyball, 8LM, EV 84.4 MPH)
|
Batting: RHB Adam Eberwein
|
0-0: Ball 1-0: Foul Ball, location: 2F 1-1: Swinging Strike 1-2: Ball 2-2: Strikes out looking
|
Batting: RHB Joe Sauer
|
0-0: Ball 1-0: Called Strike 1-1: Ball 2-1: Ball 3-1: Foul Ball, location: 9LDF 3-2: Foul Ball, location: 2F 3-2: Base on Balls Alex Velasquez to second
|
Batting: SHB Dan Simonds
|
0-0: Ball 1-0: Ground out 4-3 (Groundball, 4, EV 78.1 MPH)
|
Bottom of the 3rd over - 0 runs, 1 hit, 0 errors, 2 left on base; Las Vegas (Rk+) 0 - Cleveland (Rk+) 5 |
TOP OF THE 4TH |
Las Vegas (Rk+) Hustle batting - Pitching for Cleveland (Rk+) Guardians : RHP Jason Wieland
|
Batting: RHB Tom Preston
|
0-0: Swinging Strike 0-1: Ball 1-1: Called Strike 1-2: Strikes out looking
|
Batting: LHB William Lopez
|
0-0: Called Strike 0-1: Foul Ball, location: 2F 0-2: Strikes out swinging
|
Batting: LHB Oscar Ramirez
|
0-0: Ball 1-0: Called Strike 1-1: Foul Ball, location: 2F 1-2: Reached on error, E9 (Flyball, 9D, EV 98.1 MPH)
|
Batting: RHB Orlando Abarca
|
0-0: Ball 1-0: Swinging Strike 1-1: Ball 2-1: Foul Ball, location: 2F 2-2: Foul Ball, location: 2F 2-2: Strikes out swinging
|
Top of the 4th over - 0 runs, 0 hits, 1 error, 1 left on base; Las Vegas (Rk+) 0 - Cleveland (Rk+) 5 |
BOTTOM OF THE 4TH |
Cleveland (Rk+) Guardians batting - Pitching for Las Vegas (Rk+) Hustle : RHP Fernando Vega
|
Batting: RHB Mark DeHaven
|
0-0: Ball 1-0: Swinging Strike 1-1: Swinging Strike 1-2: Ball 2-2: Ground out 6-3 (Groundball, 6, EV 86.3 MPH)
|
Batting: RHB Luke Untied
|
0-0: Swinging Strike 0-1: Ball 1-1: Called Strike 1-2: Ball 2-2: Ball 3-2: SINGLE (Line Drive, 4MD, EV 97.5 MPH)
|
Batting: RHB Justin Peterson
|
0-0: SINGLE (Groundball, 34D, EV 94.4 MPH) Luke Untied to second
|
Batting: LHB Dan Lantz
|
0-0: Ball 1-0: Called Strike 1-1: Called Strike 1-2: Foul Ball, location: 2F 1-2: Ball 2-2: Ball 3-2: SINGLE (Line Drive, 8LS, EV 102.5 MPH) Luke Untied to third Justin Peterson to second
|
Batting: RHB Alex Velasquez
|
0-0: Ball 1-0: Called Strike 1-1: Foul Ball, location: 2F 1-2: Hit by Pitch Luke Untied scores Justin Peterson to third Dan Lantz to second
|
Batting: RHB Tim Craig
|
0-0: Ball 1-0: Swinging Strike 1-1: Called Strike 1-2: Ball 2-2: Fly out, F8 (Line Drive, 8LS, EV 98.8 MPH)
|
Batting: RHB Adam Eberwein
|
0-0: DOUBLE (Line Drive, 3D, EV 100.0 MPH) Justin Peterson scores Dan Lantz scores Alex Velasquez to third
|
Batting: RHB Joe Sauer
|
0-0: Ball 1-0: Ball 2-0: Called Strike 2-1: Foul Ball, location: 9LMF 2-2: Ground out 5-3 (Groundball, 56S, EV 90.6 MPH)
|
Bottom of the 4th over - 3 runs, 4 hits, 0 errors, 2 left on base; Las Vegas (Rk+) 0 - Cleveland (Rk+) 8 |
TOP OF THE 5TH |
Las Vegas (Rk+) Hustle batting - Pitching for Cleveland (Rk+) Guardians : RHP Jason Wieland
|
Batting: SHB Alberto Vera
|
0-0: Ball 1-0: Called Strike 1-1: Ball 2-1: Called Strike 2-2: Ball 3-2: Fly out, F7 (Line Drive, 7S, EV 92.5 MPH)
|
Batting: SHB Jose Cardenas
|
0-0: Called Strike 0-1: SINGLE (Line Drive, 78S, EV 89.4 MPH)
|
Batting: SHB Ozzie Llamas
|
0-0: Ball 1-0: Swinging Strike 1-1: Ball 2-1: Ball 3-1: Fly out, F7 (Line Drive, 7S, EV 93.1 MPH)
|
Batting: RHB John Neal
|
0-0: Ball 1-0: Swinging Strike 1-1: Swinging Strike 1-2: Strikes out looking
|
Top of the 5th over - 0 runs, 1 hit, 0 errors, 1 left on base; Las Vegas (Rk+) 0 - Cleveland (Rk+) 8 |
BOTTOM OF THE 5TH |
Cleveland (Rk+) Guardians batting - Pitching for Las Vegas (Rk+) Hustle : RHP Fernando Vega
|
Pitching: LHP Mario Guerrero
|
|
Batting: SHB Dan Simonds
|
0-0: Foul Ball, location: 2F 0-1: Ball 1-1: Foul Ball, location: 2F 1-2: Ball 2-2: Foul Ball, location: 2F 2-2: Fly out, F7 (Line Drive, 7, EV 90.6 MPH)
|
Batting: RHB Mark DeHaven
|
0-0: Ball 1-0: Fly out, F5 (Line Drive, 5D, EV 68.8 MPH)
|
Batting: RHB Luke Untied
|
0-0: Called Strike 0-1: SINGLE (Line Drive, 6MD, EV 100.0 MPH)
|
Batting: RHB Justin Peterson
|
0-0: Ball 1-0: Foul Ball, location: 3FF 1-1: Fielders Choice at 2nd, 6-4 (Groundball, 6, EV 100.6 MPH)
|
Bottom of the 5th over - 0 runs, 1 hit, 0 errors, 1 left on base; Las Vegas (Rk+) 0 - Cleveland (Rk+) 8 |
TOP OF THE 6TH |
Las Vegas (Rk+) Hustle batting - Pitching for Cleveland (Rk+) Guardians : RHP Jason Wieland
|
Batting: RHB Darius Strange
|
0-0: Called Strike 0-1: Ground out 5-3 (Groundball, 25, EV 81.9 MPH)
|
Batting: RHB Tom Preston
|
0-0: Fly out, F3 (Popup, 3S, EV 68.8 MPH)
|
Batting: LHB William Lopez
|
0-0: Ball 1-0: Foul Ball, location: 5SF 1-1: Ball 2-1: SOLO HOME RUN (Flyball, 9D, EV 95.0 MPH), Distance : 342 ft
|
Batting: LHB Oscar Ramirez
|
0-0: Ball 1-0: Foul Ball, location: 2F 1-1: Foul Ball, location: 5F 1-2: Ball 2-2: Ball 3-2: Fly out, F4 (Line Drive, 34, EV 69.4 MPH)
|
Top of the 6th over - 1 run, 1 hit, 0 errors, 0 left on base; Las Vegas (Rk+) 1 - Cleveland (Rk+) 8 |
BOTTOM OF THE 6TH |
Cleveland (Rk+) Guardians batting - Pitching for Las Vegas (Rk+) Hustle : LHP Mario Guerrero
|
Batting: LHB Dan Lantz
|
0-0: Ball 1-0: Ball 2-0: Ball 3-0: Base on Balls
|
Batting: RHB Alex Velasquez
|
0-0: Swinging Strike 0-1: Swinging Strike 0-2: Ball 1-2: Strikes out swinging
|
Batting: RHB Tim Craig
|
0-0: Grounds into double play, 6-4-3 (Groundball, 6, EV 91.3 MPH)
|
Bottom of the 6th over - 0 runs, 0 hits, 0 errors, 0 left on base; Las Vegas (Rk+) 1 - Cleveland (Rk+) 8 |
TOP OF THE 7TH |
Las Vegas (Rk+) Hustle batting - Pitching for Cleveland (Rk+) Guardians : RHP Jason Wieland
|
Batting: RHB Orlando Abarca
|
0-0: Ball 1-0: Foul Ball, location: 2RF 1-1: Ground out 5-3 (Groundball, 56S, EV 76.9 MPH)
|
Pitching: LHP Devin Cain
|
|
Batting: SHB Alberto Vera
|
0-0: Called Strike 0-1: Ball 1-1: Fly out, F8 (Line Drive, 8RS, EV 65.0 MPH)
|
Pinch Hitting: SHB Oscar Reyes
|
0-0: Foul Ball, location: 7LMFF 0-1: Swinging Strike 0-2: Foul Ball, location: 25F 0-2: Strikes out swinging
|
Top of the 7th over - 0 runs, 0 hits, 0 errors, 0 left on base; Las Vegas (Rk+) 1 - Cleveland (Rk+) 8 |
BOTTOM OF THE 7TH |
Cleveland (Rk+) Guardians batting - Pitching for Las Vegas (Rk+) Hustle : LHP Mario Guerrero
|
Now at SS: Oscar Reyes
|
|
Batting: RHB Adam Eberwein
|
0-0: Ball 1-0: Ball 2-0: Ball 3-0: Base on Balls
|
Batting: RHB Joe Sauer
|
0-0: Ball 1-0: Reached on error, E4 (Groundball, 4, EV 67.5 MPH) Adam Eberwein to second
|
Batting: SHB Dan Simonds
|
0-0: Ball 1-0: Ball Wild Pitch! Adam Eberwein to third Joe Sauer to second 2-0: Ball 3-0: Called Strike 3-1: Foul Ball, location: 2F 3-2: Foul Ball, location: 9LDF 3-2: Fly out, F4 (Popup, 34D, EV 66.3 MPH)
|
Batting: RHB Mark DeHaven
|
0-0: Called Strike 0-1: Ball 1-1: Swinging Strike 1-2: Foul Ball, location: 2F 1-2: SINGLE (Line Drive, 34, EV 102.5 MPH) Adam Eberwein scores Joe Sauer to third
|
Pitching: RHP Ivan Ortega
|
|
Batting: RHB Luke Untied
|
0-0: Ball 1-0: Fly out, F6 (Popup, 6M, EV 56.9 MPH)
|
Batting: RHB Justin Peterson
|
0-0: Ball 1-0: Swinging Strike 1-1: Swinging Strike 1-2: Foul Ball, location: 2F 1-2: Fielders Choice at 2nd, 5-4 (Groundball, 56, EV 100.6 MPH)
|
Bottom of the 7th over - 1 run, 1 hit, 1 error, 2 left on base; Las Vegas (Rk+) 1 - Cleveland (Rk+) 9 |
TOP OF THE 8TH |
Las Vegas (Rk+) Hustle batting - Pitching for Cleveland (Rk+) Guardians : LHP Devin Cain
|
Batting: SHB Ozzie Llamas
|
0-0: Ball 1-0: Foul Ball, location: 2F 1-1: Ball 2-1: Foul Ball, location: 2F 2-2: Strikes out swinging
|
Batting: RHB John Neal
|
0-0: Ball 1-0: Fly out, F2 (Popup, 15S, EV 88.8 MPH)
|
Batting: RHB Darius Strange
|
0-0: Called Strike 0-1: Called Strike 0-2: Strikes out swinging
|
Top of the 8th over - 0 runs, 0 hits, 0 errors, 0 left on base; Las Vegas (Rk+) 1 - Cleveland (Rk+) 9 |
BOTTOM OF THE 8TH |
Cleveland (Rk+) Guardians batting - Pitching for Las Vegas (Rk+) Hustle : RHP Ivan Ortega
|
Batting: LHB Dan Lantz
|
0-0: Swinging Strike 0-1: Ball 1-1: Foul Ball, location: 9LMF 1-2: Strikes out swinging
|
Batting: RHB Alex Velasquez
|
0-0: Called Strike 0-1: Called Strike 0-2: Foul Ball, location: 25F 0-2: Ball 1-2: Ball 2-2: Foul Ball, location: 2F 2-2: Foul Ball, location: 9LDF 2-2: Ground out 5-3 (Groundball, 56, EV 83.8 MPH)
|
Batting: RHB Tim Craig
|
0-0: Fly out, F9 (Flyball, 9D, EV 107.5 MPH)
|
Bottom of the 8th over - 0 runs, 0 hits, 0 errors, 0 left on base; Las Vegas (Rk+) 1 - Cleveland (Rk+) 9 |
TOP OF THE 9TH |
Las Vegas (Rk+) Hustle batting - Pitching for Cleveland (Rk+) Guardians : LHP Devin Cain
|
Batting: RHB Tom Preston
|
0-0: Ball 1-0: Ball 2-0: Called Strike 2-1: Ball 3-1: Called Strike 3-2: Foul Ball, location: 9LSF 3-2: Foul Ball, location: 2F 3-2: Ground out 6-3 (Groundball, 6, EV 82.5 MPH)
|
Batting: LHB William Lopez
|
0-0: Ball 1-0: Ball 2-0: Called Strike 2-1: Ball 3-1: Foul Ball, location: 2F 3-2: Foul Ball, location: 2F 3-2: Fly out, F4 (Line Drive, 34D, EV 69.4 MPH)
|
Batting: LHB Oscar Ramirez
|
0-0: Called Strike 0-1: Ball 1-1: Called Strike 1-2: Ball 2-2: Ball 3-2: Fly out, F8 (Flyball, 78M, EV 93.8 MPH)
|
Top of the 9th over - 0 runs, 0 hits, 0 errors, 0 left on base; Las Vegas (Rk+) 1 - Cleveland (Rk+) 9 |
|